 Dungeon Crawl Stone Soup version 0.28.0-62-gf88900778d (webtiles) character file.

Game seed: 2312551405273040134

324 cbfl8 the Chopper (level 6, -3/72 HPs)
             Began as a Demonspawn Berserker on July 2, 2023.
             Was a Believer of Trog.
             Slain by a gnoll
             ... wielding a +0 spear
              (5 damage)
             ... on level 5 of the Dungeon.
             The game lasted 00:03:01 (5113 turns).

cbfl8 the Chopper (Demonspawn Berserker)            Turns: 5113, Time: 00:03:02

Health: -3/72      AC:  7    Str: 17    XL:     6   Next: 23%
Magic:  6/6        EV: 11    Int: 21    God:    Trog [**....]
Gold:   152        SH:  0    Dex: 14    Spells: 5/5 levels left

rFire   . . .      SeeInvis .   a - +0 hand axe
rCold   . . .      Faith    .   (no shield)
rNeg    . . .      Spirit   .   l - +0 ring mail
rPois   .          Reflect  .   (helmet restricted)
rElec   .          Harm     .   (no cloak)
rCorr   .          Rampage  .   r - +1 pair of gloves
Will    .....                   (no boots)
Stlth   ..........              (no amulet)
HPRegen 0.22/turn               j - +6 ring of intelligence
MPRegen 0.10/turn               q - +6 ring of intelligence

@: berserking, studying Armour, very quick
A: antennae 1, powered by death 1, sturdy frame 1
a: Renounce Religion, Berserk, Trog's Hand


You were on level 5 of the Dungeon.
You worshipped Trog.
Trog was pleased with you.
You visited 1 branch of the dungeon, and saw 5 of its levels.

You collected 152 gold pieces.

Inventory:

Hand Weapons
 a - a +0 hand axe (weapon)
Armour
 l - a +0 ring mail (worn)
 r - a +1 pair of gloves (worn)
Jewellery
 j - a +6 ring of intelligence (left hand)
 q - a +6 ring of intelligence (right hand)
Scrolls
 b - a scroll of fear {unknown}
 d - 8 scrolls of teleportation
 e - a scroll of magic mapping {unknown}
 f - a scroll of vulnerability {unknown}
 g - a scroll of noise {unknown}
 h - a scroll of amnesia {unknown}
 i - a scroll of identify {unknown}
 k - 2 scrolls of blinking {unknown}
 n - a scroll of brand weapon {unknown}
 o - a scroll of enchant armour {unknown}
 p - a scroll of summoning
Potions
 c - 2 potions of attraction {unknown}
 m - a potion of curing {unknown}


   Skills:
 + Level 3.9 Fighting
 + Level 4.4 Axes
 + Level 2.6 Armour
 - Level 1.7 Dodging
 * Level 2.7 Stealth
 * Level 2.2 Evocations


You had 5 spell levels left.
You didn't know any spells.
Your spell library was empty.

Dungeon Overview and Level Annotations

Branches:
Dungeon (5/15)
 Temple: D:4-7

Altars:
Ashenzari
Elyvilon
Zin

Annotations:
D:4 cbfl8's ghost, amateur MiBe


Innate Abilities, Weirdness & Mutations

You have a pair of small antennae on your head.
You regenerate a little health from kills.
Your movements are slightly less encumbered by armour. (ER -2)


Message History

The gnoll sergeant hits you from afar with a +0 trident!
The gnoll barely misses you.
Unknown command.
You hit the gnoll.
You kill the gnoll!
Trog accepts your kill.
The gnoll sergeant hits you from afar with a +0 trident.
The gnoll hits you but does no damage.
Unknown command.
A gnoll comes into view. It is wielding a +0 spear.
The gnoll sergeant hits you with a +0 trident!
The gnoll barely misses you.
Things that are here:
a +0 whip; a +0 helmet; a gnoll corpse Unknown command.
You fail to use your ability.
The gnoll sergeant hits you but does no damage.
The gnoll closely misses you.
A red film seems to cover your vision as you go berserk!
You feel yourself moving faster!
You feel mighty! The gnoll sergeant barely misses you.
The gnoll hits you from afar with a +0 spear.
* * * LOW HITPOINT WARNING * * *
You hit the gnoll sergeant but do no damage.
The gnoll sergeant hits you with a +0 trident.
* * * LOW HITPOINT WARNING * * *
The gnoll hits you but does no damage.
You slash the gnoll sergeant!
The gnoll sergeant is moderately wounded.
The gnoll hits you from afar with a +0 spear.
* * * LOW HITPOINT WARNING * * *
The gnoll sergeant hits you with a +0 trident!
* * * LOW HITPOINT WARNING * * *
You slash the gnoll sergeant!
The gnoll sergeant is severely wounded.
The gnoll barely misses you. The gnoll hits you but does no damage.
You hit the gnoll sergeant. You punch the gnoll sergeant.
The gnoll sergeant is severely wounded.
The gnoll hits you from afar with a +0 spear.
You die...

..........#+.......#
..................#
.................#
..............<..#
........##.......#
############'#####
#.# ######'#######
#.......@....#
#.......g....#
#........gg..#
#............#
############.# .# .
#


You could see a gnoll sergeant and 2 gnolls.

Vanquished Creatures
  A centaur (D:5)
  A water moccasin skeleton (D:4)
  A bullfrog skeleton (D:4)
  2 killer bee zombies
  2 adders (D:2)
  4 gnolls
  A worm (D:2)
  A dart slug (D:4)
  4 orcs (D:3)
  4 ball pythons (D:4)
  6 endoplasms
  4 giant cockroaches
  8 goblins
  3 hobgoblins
  7 kobolds
  4 quokkas (D:1)
  6 bats
  4 frilled lizards
  7 rats
70 creatures vanquished.

Notes
Turn   | Place    | Note
-------+----------+-------------------------------------------
     0 | D:1      | cbfl8 the Demonspawn Berserker began the quest for the Orb.
     0 | D:1      | Reached XP level 1. HP: 18/18 MP: 1/1
   381 | D:1      | Gained mutation: You have a pair of small antennae on your
                  | head. [demonic ancestry]
   381 | D:1      | Reached XP level 2. HP: 17/24 MP: 2/2
   931 | D:1      | Reached skill level 3 in Axes
  1589 | D:1      | Identified a scroll of acquirement
  1589 | D:1      | Acquired a manual of Armour
  1615 | D:2      | Reached skill level 1 in Stealth
  1626 | D:2      | Reached skill level 1 in Evocations
  1626 | D:2      | Gained mutation: You regenerate a little health from kills.
                  | [demonic ancestry]
  1626 | D:2      | Reached XP level 3. HP: 25/29 MP: 3/3
  2099 | D:2      | Reached ** piety under Trog
  2246 | D:2      | Found a faded altar of an unknown god.
  2541 | D:2      | Gained mutation: Your movements are slightly less
                  | encumbered by armour. (ER -2) [demonic ancestry]
  2541 | D:2      | Reached XP level 4. HP: 34/35 MP: 4/4
  3798 | D:4      | Reached XP level 5. HP: 40/41 MP: 5/5
  3850 | D:4      | Found a broken altar of Ashenzari.
  4021 | D:4      | Found a runed translucent gate.
  4022 | D:4      | Found a runed translucent gate.
  4022 | D:4      | Found a runed translucent gate.
  4362 | D:4      | Noticed cbfl8's ghost (amateur MiBe)
  4481 | D:4      | Reached skill level 4 in Axes
  4938 | D:5      | Entered Level 5 of the Dungeon
  4939 | D:5      | Noticed a centaur
  4948 | D:5      | Killed a centaur
  4949 | D:5      | Reached XP level 6. HP: 36/48 MP: 6/6
  5111 | D:5      | HP: 2/72 [gnoll sergeant/+0 trident (11)]
  5113 | D:5      | Slain by a gnoll

Illustrated notes

Levels and vault maps discovered:
D:1:      elethiomel_arrival_quiet, layout_basic
D:2:      layout_loops_cross, basic_ecumenical_altar, minmay_misc_feat_rows
D:3:      layout_loops_ring
D:4:      layout_rooms, mainiacjoe_overflow_alcove_4,
          lemuel_coloured_pillars_altar, gammafunk_ghost_necromancy,
          minmay_ruptured
D:5:      layout_basic, mainiacjoe_overflow_cross_hatched,
          minmay_temple_entry_nine_rooms, lightli_corner_chamber

Skill      XL: |  1  2  3  4  5 |
---------------+----------------+-----
Axes           | 3 4 |  4.4
Stealth        | 1 2 |  2.7
Evocations     | 1 2 |  2.2
Armour         | 2 |  2.6
Fighting       | |  3.9
Dodging        | |  1.7

Action                   |  1- 3 |  4- 6 || total
-------------------------+-------+-------++-------
Melee: Hand axe          |   105 |   123 ||   228
       Punch             |     2 |     2 ||     4
Invok: Berserk           |     4 |     3 ||     7
  Use: Scroll            |     3 |     1 ||     4
 Stab: Sleeping          |     4 |     5 ||     9
Armor: Animal skin       |    25 |     1 ||    26
       Ring mail         |       |    51 ||    51
Dodge: Dodged            |    79 |    77 ||   156
